 Dungeon Sprint DCSS version 0.18-a0-1014-g3bbf375 (webtiles) character file.

21 pipel the Grave Robber (level 2, -18/15 HPs)
             Began as a Deep Elf Necromancer on Jan 6, 2016.
             Was an Initiate of Sif Muna.
             Demolished by an ogre
             ... wielding a +0 giant spiked club
              (23 damage)
             ... in the Dungeon (Sprint VII: "The Pits").
             The game lasted 00:03:01 (199 turns).

pipel the Grave Robber (Deep Elf Necromancer)        Turns: 199, Time: 00:03:01

Health: -18/15     AC:  2    Str:  5    XL:     2   Next: 65%
Magic:  0/9        EV: 13    Int: 19    God:    Sif Muna [......]
Gold:   0          SH:  0    Dex: 15    Spells: 2 memorised, 7 levels left

rFire  . . .     SeeInvis .     e - +2 trident
rCold  . . .     Gourm    .     t - +0 robe
rNeg   . . .     Faith    .     (no shield)
rPois  .         Spirit   .     (no helmet)
rElec  .         Dismiss  .     (no cloak)
rCorr  .         Reflect  .     (no gloves)
SustAt .         Harm     .     (no boots)
MR     .....     NoTele   +     (no amulet)
Stlth  ++........               (no ring)
                                (no ring)

@: not resistant to hostile enchantments, unstealthy
A: no striking features
a: Renounce Religion


You were in the Dungeon.
You worshipped Sif Muna.
Sif Muna was noncommittal.
You were not hungry.

You visited 1 branch

Inventory:

Hand Weapons
 a - a +1 trident of piercing
 e - a +2 trident (weapon)
 u - a +2 quarterstaff
Missiles
 n - 7 stones (quivered)
Armour
 t - a +0 robe (worn)
Magical Staves
 b - an uncursed staff of energy
Scrolls
 i - a scroll of blinking
 p - 3 scrolls of remove curse
 q - 5 scrolls of amnesia
 r - a scroll of summoning
 s - 2 scrolls of vulnerability
Potions
 d - 6 potions of curing
 f - a potion of haste
 g - 4 potions of magic
 h - 3 potions of berserk rage
 m - 2 potions of invisibility
 v - 5 potions of heal wounds
Books
 o - a book of Necromancy

   Spells                             Type                      Level
   a - Pain                           Necromancy                   1
   b - Animate Skeleton               Necromancy                   1
   c - Vampiric Draining              Necromancy                   3
   d - Regeneration                   Charms/Necromancy            3
   e - Animate Dead                   Necromancy                   4
   f - Control Undead                 Necromancy                   4
Comestibles
 c - 8 bread rations
 j - 5 chunks of flesh
 k - 40 fruits
 l - 7 meat rations


   Skills:
 + Level 0.2(0.3) Polearms
 + Level 0.4(0.5) Staves
 + Level 0.2 Throwing
 + Level 3.1 Dodging
 - Level 2.5 Stealth
 + Level 4.2 Spellcasting
 + Level 7.1 Necromancy
 + Level 0.4 Evocations


You had 7 spell levels left.
You knew the following spells:

 Your Spells              Type           Power        Failure   Level  Hunger
a - Animate Skeleton      Necr           N/A          1%          1    None
p - Pain                  Necr           ####         1%          1    None


Dungeon Overview and Level Annotations

Branches:
Dungeon (1/1)

Altars:
Ashenzari
Cheibriados
Dithmenos
Elyvilon
Fedhas
Kikubaaqudgha
Makhleb
Nemelex Xobeh
Okawaru
Pakellas
Ru
Sif Muna
Trog
Vehumet
Xom
Yredelemnul
Zin
The Shining One
Beogh
Jiyva
Lugonu


Message History

Press: ? - help, Shift-Dir - straight line, f/p - ogre
Aim: an ogre, wielding a giant spiked club (heavily wounded, chance to defeat MR: 84%)
The ogre barely resists.
You take 1 damage, and have 7/15 hp.
You now have 2/9 mp.
Casting: Pain
Confirm with . or Enter, or press ? or * to list all spells.
Aiming: Pain
Press: ? - help, Shift-Dir - straight line, f/p - ogre
Aim: an ogre, wielding a giant spiked club (heavily wounded, chance to defeat MR: 84%)
The ogre convulses in agony!
The ogre barely misses you.
You take 1 damage, and have 6/15 hp.
You now have 1/9 mp.
Casting: Pain
Confirm with . or Enter, or press ? or * to list all spells.
Aiming: Pain
Press: ? - help, Shift-Dir - straight line, f/p - ogre
Aim: an ogre, wielding a giant spiked club (severely wounded, chance to defeat MR: 84%)
The ogre convulses in agony!
The ogre hits you with a giant spiked club!!
Ouch! That really hurt!
You die...

############
#__________#
#__________#
#_#####'############
#).)'.'..##.......
#).)#.#..##......#
#######'#####.......
#SO@........'.......
#o#####'#####......#
#.#.....#..##.......
#.#.....#))#####'###
#o###Z###).##.......
#o#.....#))##.......
#.#.....#Z[##.......
#.####Z##'###...<...
#)#..)..Z.(##.......


You could see an ogre, an orc wizard and a ball python.

Vanquished Creatures
  A gnoll (D)
  A giant gecko (D)
  An orc (D)
  A ball python (D)
  A giant cockroach (D)
  A quokka (D)
  A rat (D)
7 creatures vanquished.

Vanquished Creatures (collateral kills)
  A ball python (D)
  A quokka (D)
  A rat (D)
3 creatures vanquished.

Grand Total: 10 creatures vanquished

Notes
Turn   | Place    | Note
--------------------------------------------------------------
     0 | D        | pipel the Deep Elf Necromancer began the quest for the Orb.
     0 | D        | Reached XP level 1. HP: 10/10 MP: 6/6
     9 | D        | Reached skill level 5 in Necromancy
    14 | D        | Learned a level 1 spell: Animate Skeleton
    47 | D        | Found a sacrificial altar of Ru.
    47 | D        | Found a basalt altar of Yredelemnul.
    47 | D        | Found a glowing golden altar of the Shining One.
    47 | D        | Found a deep blue altar of Sif Muna.
    47 | D        | Found a burning altar of Makhleb.
    47 | D        | Found an ancient bone altar of Kikubaaqudgha.
    47 | D        | Found a glowing silver altar of Zin.
    48 | D        | Found a shadowy altar of Dithmenos.
    48 | D        | Found a bloodstained altar of Trog.
    48 | D        | Found a shattered altar of Ashenzari.
    48 | D        | Found a white marble altar of Elyvilon.
    48 | D        | Found a snail-covered altar of Cheibriados.
    48 | D        | Found a blossoming altar of Fedhas.
    48 | D        | Found a radiant altar of Vehumet.
    48 | D        | Found a shimmering altar of Xom.
    48 | D        | Found a sparkling altar of Nemelex Xobeh.
    48 | D        | Found a corrupted altar of Lugonu.
    48 | D        | Found a viscous altar of Jiyva.
    48 | D        | Found a roughly hewn altar of Beogh.
    48 | D        | Found an iron altar of Okawaru.
    49 | D        | Found an oddly glowing altar of Pakellas.
    51 | D        | Became a worshipper of Sif Muna the Loreminder
    87 | D        | Reached skill level 6 in Necromancy
   118 | D        | Reached XP level 2. HP: 3/15 MP: 5/8
   177 | D        | Noticed an ogre
   186 | D        | Reached skill level 7 in Necromancy
   199 | D        | Demolished by an ogre

Vault maps used:
D:        pitsprint

Action                   || total
-------------------------++-------
Melee: Trident           ||    11
       Quarterstaff      ||     6
Throw: Stone             ||     3
 Cast: Pain              ||    16
       Animate Skeleton  ||     4
Evoke: Staff of energy   ||     3
  Use: Potion            ||     1
 Stab: Sleeping          ||     1
